 Dungeon Crawl Stone Soup version 0.28.0-53-g5a82cb258f (webtiles) character file.

Game seed: 12715815826201860153

318 mortz the Magician (level 6, -7/40 HPs)
             Began as a Djinni Conjurer on June 28, 2022.
             Was an Initiate of Gozag.
             Shot with an arrow by a centaur (11 damage)
             ... on level 5 of the Dungeon.
             The game lasted 00:17:12 (5872 turns).

mortz the Magician (Djinni Conjurer)                Turns: 5872, Time: 00:17:13

Health: -7/40      AC:  5    Str:  6    XL:     6   Next: 74%
Gold:   361        EV: 11    Int: 22    God:    Gozag SH:  0 Dex: 11

rFire   + + +      SeeInvis .   n - +4 dagger {short}
rCold   x . .      Faith    .   (no shield)
rNeg    . . .      Spirit   .   f - +1 leather armour {rPois}
rPois   ∞          Reflect  .   c - +0 helmet
rElec   .          Harm     .   (no cloak)
rCorr   .          Rampage  .   (no gloves)
Will    .....                   (boots unavailable)
Stlth   ++........              (no amulet)
HPRegen 0.13/turn               j - ring of wizardry
MPRegen 0.00/turn               p - ring of protection from fire

@: flying, very slightly contaminated
A: sickness immunity, fire resistance 2, cold vulnerability 1, float, innate
caster, HP casting, extra vitality 1
a: Renounce Religion, Potion Petition, Call Merchant, Bribe Branch


You were on level 5 of the Dungeon.
You worshipped Gozag.
Gozag was aware of your devotion.
You visited 1 branch of the dungeon, and saw 5 of its levels.

You collected 691 gold pieces.
You spent 330 gold pieces at shops.


Innate Abilities, Weirdness & Mutations

You are immune to sickness and miasma.
You are immune to poison.
Your flesh is very heat resistant. (rF++)
You are vulnerable to cold. (rC-)
You float through the air rather than walking.
You learn spells naturally, not from books.
Your magical power is your life essence.
You have superior vitality. (+4 MHP)


   Skills:
 * Level 1.7 Armour
 + Level 2.3 Dodging
 + Level 2.4 Stealth
 + Level 5.3 Spellcasting


You couldn't memorise any spells.
You knew the following spells:

 Your Spells              Type           Power      Damage    Failure   Level
a - Magic Dart            Conj           100%       1d8       1%          1
b - Searing Ray           Conj           58%        2d6       1%          2
c - Dazzling Flash        Conj/Hex       58%        N/A       1%          3
d - Fulminant Prism       Conj/Hex       14%        3d9       6%          4
e - Iskenderun's Mystic   Conj/Tloc      29%        2d7       6%          4
f - Slow                  Hex            100%       N/A       1%          1
g - Static Discharge      Conj/Air       29%        N/A       1%          2
Your spell library was empty.

Inventory:

Hand Weapons
 i - a +1 short sword of venom {short}
   (You took it off a kobold on level 2 of the Dungeon)
 m - a +0 hand axe {axe}
   (You took it off an orc on level 3 of the Dungeon)
 n - a +4 dagger (weapon) {short}
   (You found it on level 3 of the Dungeon)
 o - a +0 flail of draining {mace}
   (You took it off an orc on level 3 of the Dungeon)
 r - a +2 spectral club {mace}
   (You took it off Ijyb on level 4 of the Dungeon)
Armour
 a - a +0 robe
 c - a +0 helmet (worn)
   (You took it off Robin on level 2 of the Dungeon)
 f - a +1 leather armour of poison resistance (worn)
   (You found it on level 4 of the Dungeon)
Jewellery
 j - a ring of wizardry (left hand)
   (You bought it in a shop on level 2 of the Dungeon)
 p - a ring of protection from fire (right hand)
   (You found it on level 3 of the Dungeon)
Wands
 s - a wand of iceblast (9)
   (You took it off Ijyb on level 4 of the Dungeon)
Scrolls
 b - a scroll of fog
 d - a scroll of magic mapping {unknown}
 h - a scroll of enchant weapon {unknown}
 l - 2 scrolls of blinking {!r}
 t - a scroll of teleportation {@r4}
 v - a scroll of amnesia {unknown}
 w - a scroll of vulnerability {unknown}
Potions
 e - 3 potions of haste {unknown}
 g - a potion of lignification {!q}
 k - a potion of might
 q - a potion of attraction {unknown}
 u - a potion of invisibility {unknown}

Dungeon Overview and Level Annotations

Branches:
Dungeon (5/15)
 Temple: D:4-7

Altars:
Elyvilon
Fedhas
Gozag
Makhleb
Yredelemnul
Zin

Shops:
D:2

= .##...'..#...#.....#
.#...##..##..#.....+
.#...##..##..#.....#
.###'##......#>....#
###..##(.(...#.....#####
.##..######..#.........#
.'...# ##..#.........#
.##### #...'.........#
.# #...#..@......# ..
#...######c.... .. #...#
... ... ##..# . ... #..+
..#. ...# § ...# ≈§ §§


You could see a centaur.


Message History

There is an open door here.
Found a stone staircase leading up.
You reach down and open the door.
There is an open door here.
You reach down and open the door.
An ogre comes into view. It is wielding a +0 giant spiked club.
Casting: Searing Ray (safe; 1% risk of failure)
Confirm with . or Enter, or press ? or * to list all spells.
Aiming: Searing Ray (safe; 1% risk of failure)
Press: ? - help, Shift-Dir - straight line, f - ogre
Aim: an ogre, wielding a +0 giant spiked club (asleep, 100% to hit)
The searing ray hits the ogre.
The ogre shouts! (Press . to maintain the ray.) 😕 HP[-2]
You take 2 damage, and now have 38/40 hp.
The searing ray hits the ogre! 😕 HP[-1]
You take 1 damage, and now have 37/40 hp.
The searing ray hits the ogre! 😕 HP[-1]
You take 1 damage, and now have 36/40 hp.
The searing ray hits the ogre!
You kill the ogre!
You finish channelling your searing ray.
Found 2 yellow potions.
Found an escape hatch in the floor.
You now have 350 gold pieces (gained 20).
There is an open door here.
You see here a +0 giant spiked club {mace}.
Found a basalt altar of Yredelemnul. 😎 HP[+4]
Your hp is fully restored (40).
e - 3 yellow potions (gained 2)
You reach down and open the door.
There is an open door here.
You reach down and open the door.
There is an open door here.
You reach down and open the door.
There is an open door here.
You now have 361 gold pieces (gained 11).
You reach down and open the door.
There is an open door here.
You reach down and open the door.
There is an open door here.
You reach down and open the door.
Found a stone staircase leading down.
There is an open door here.
A centaur comes into view.
Aiming: Magic Dart (safe; 1% risk of failure)
Press: ? - help, Q - select action, (/) - cycle Shift-Dir - straight line, f - centaur
Aim: a centaur, quivering arrows (asleep, 100% to hit)
The magic dart hits the centaur but does no damage.
The centaur shouts! 😕 HP[-1]
You take 1 damage, and now have 39/40 hp.
Casting: Magic Dart (safe; 1% risk of failure)
Confirm with . or Enter, or press ? or * to list all spells.
Aiming: Searing Ray (safe; 1% risk of failure)
Press: ? - help, Shift-Dir - straight line, f/p - centaur
Aim: a centaur, quivering arrows (87% to hit)
You miscast Searing Ray.
You are very lightly contaminated with residual magic.
Nothing appears to happen.
The centaur wields a +0 shortbow.
The centaur shoots an arrow.
The arrow hits you!
You hear a shout! 😮 HP[-11]
You take 11 damage, and now have 28/40 hp.
MASSIVE DAMAGE!! (PAUSE)
Casting: Searing Ray (safe; 1% risk of failure)
Confirm with . or Enter, or press ? or * to list all spells.
Aiming: Searing Ray (safe; 1% risk of failure)
Press: ? - help, Shift-Dir - straight line, f/p - centaur
Aim: a centaur, wielding a +0 shortbow and quivering arrows (87% to hit)
The searing ray hits the centaur! (Press . to maintain the ray.)
The centaur shoots an arrow.
The arrow hits you!
* * * LOW HITPOINT WARNING * * *
😨 HP[-11]
You take 11 damage, and now have 17/40 hp.
MASSIVE DAMAGE!! (PAUSE)
The searing ray hits the centaur.
* * * LOW HITPOINT WARNING * * *
The centaur shoots an arrow.
The arrow barely misses you. 😨 HP[-1]
You take 1 damage, and now have 16/40 hp.
The searing ray hits the centaur.
* * * LOW HITPOINT WARNING * * *
The centaur shoots an arrow.
The arrow hits you.
* * * LOW HITPOINT WARNING * * *
The centaur shoots an arrow.
The arrow hits you.
* * * LOW HITPOINT WARNING * * *
😱 HP[-11]
You take 11 damage, and now have 5/40 hp.
MASSIVE DAMAGE!! (PAUSE)
The searing ray hits the centaur!
* * * LOW HITPOINT WARNING * * *
You finish channelling your searing ray.
The centaur shoots an arrow.
The arrow hits you!
You die...
Your body crumbles into a pile of gold.

Skill      XL: |  1  2  3  4  5  6 |
---------------+-------------------+-----
Spellcasting   | 4 5 |  5.3
Stealth        | 2 |  2.4
Armour         | 1 |  1.7
Dodging        | |  2.3

Action                   |  1- 3 |  4- 6 || total
-------------------------+-------+-------++-------
Melee: Short sword       |     2 |       ||     2
 Cast: Magic Dart        |    61 |    53 ||   114
       Searing Ray       |    11 |    37 ||    48
  Use: Scroll            |       |     6 ||     6
Armor: Robe              |     4 |       ||     4
Dodge: Dodged            |     2 |     5 ||     7

Levels and vault maps discovered:
D:1:      heliophobic_arrival_ceremonial_halls, layout_basic,
          hellmonk_ecumenical_altar_watching_god
D:2:      minmay_skewed_foursquare, layout_basic, serial_shops, shop_coins,
          uniq_robin
D:3:      layout_loops_corners, nicolae_overflow_crystal_walls,
          overflow_temple_1_default, bloody_makhleb
D:4:      layout_basic, mainiacjoe_overflow_catwalk, uniq_ijyb
D:5:      layout_gridville, kennysheep_mini,
          mainiacjoe_overflow_surrounded_room,
          mainiacjoe_overflow_concentric_impassable, minmay_misc_feat_doors

Notes
Turn   | Place    | Note
-------+----------+-------------------------------------------
     0 | D:1      | mortz the Djinni Conjurer began the quest for the Orb.
     0 | D:1      | Reached XP level 1. HP: 15/15 MP: 0/0
     0 | D:1      | magus.rc [v1.9.6]
   229 | D:1      | Reached XP level 2. HP: 15/21 MP: 0/0
   577 | D:1      | Reached XP level 3. HP: 23/25 MP: 0/0
   577 | D:1      | Learned a level 1 spell: Slow
   607 | D:1      | Noticed a great orb of eyes
   614 | D:1      | Noticed a shining eye
   821 | D:1      | Reached skill level 4 in Spellcasting
  1220 | D:1      | Found a faded altar of an unknown god.
  1222 | D:1      | Noticed a golden eye
  1223 | D:1      | Noticed a great orb of eyes
  1229 | D:1      | Prayed at the altar of an unknown god.
  1229 | D:1      | Became a worshipper of Gozag Ym Sagoz the Greedy
  1662 | D:2      | Noticed Robin
  1667 | D:2      | Killed Robin
  1668 | D:2      | Reached XP level 4. HP: 24/31 MP: 0/0
  2123 | D:2      | Reached skill level 2 in Stealth
  2583 | D:2      | Found Luitolo's Jewellery Shoppe.
  2791 | D:2      | Bought a ring of wizardry for 330 gold pieces
  2801 | D:2      | Reached XP level 5. HP: 30/35 MP: 0/0
  2801 | D:2      | Learned a level 2 spell: Static Discharge
  3473 | D:3      | Found a white marble altar of Elyvilon.
  3724 | D:3      | Found a burning altar of Makhleb.
  3804 | D:3      | Found a glowing silver altar of Zin.
  4333 | D:3      | Reached skill level 5 in Spellcasting
  4660 | D:4      | Reached XP level 6. HP: 35/40 MP: 0/0
  4955 | D:4      | Found a blossoming altar of Fedhas.
  4991 | D:4      | Noticed Ijyb
  4996 | D:4      | Killed Ijyb
  4997 | D:4      | Reached skill level 1 in Armour
  5730 | D:5      | Entered Level 5 of the Dungeon
  5774 | D:5      | Noticed an ogre
  5778 | D:5      | Killed an ogre
  5810 | D:5      | Found a basalt altar of Yredelemnul.
  5871 | D:5      | HP: 5/40 [centaur/arrow (6)]
  5872 | D:5      | Shot with an arrow by a centaur

Vanquished Creatures
  An ogre (D:5)
  Ijyb (D:4)
  An iguana (D:3)
  Robin (D:2)
  6 adders
  2 adder skeletons (D:4)
  2 worms
  A dart slug (D:1)
  10 orcs
  10 ball pythons
  10 bats
  7 endoplasms
  3 giant cockroaches
  13 goblins
  7 hobgoblins
  10 kobolds
  3 quokkas
  6 frilled lizards
  6 rats
100 creatures vanquished.

Table legend:
 A = Non-vault XP
 B = Vault XP
 C = Vault XP percentage of total XP
 D = Non-vault monster count
 E = Vault monster count
 F = Vault count percentage of total count
                 A         B        C        D         E       F
            +---------+---------+-------+---------+---------+-------
      Total |     362 |      93 |  20.4 |      82 |      18 |  18.0
            +---------+---------+-------+---------+---------+-------
        D:1 |      50 |       0 |   0.0 |      31 |       0 |   0.0
        D:2 |      49 |      57 |  53.8 |      15 |      17 |  53.1
        D:3 |     112 |       0 |   0.0 |      26 |       0 |   0.0
        D:4 |      35 |      36 |  50.7 |       9 |       1 |  10.0
        D:5 |     116 |       0 |   0.0 |       1 |       0 |   0.0
            +---------+---------+-------+---------+---------+-------

Illustrated notes

Table legend:
 A = Kills in this place as a percentage of kills in entire the game.
 B = Kills by you in this place as a percentage of kills by you in the entire game.
 C = Kills by friends in this place as a percentage of kills by friends in the entire game.
 D = Other kills in this place as a percentage of other kills in the entire game.
 E = Experience gained in this place as a percentage of experience gained in the entire game.
 F = Experience gained in this place divided by the number of levels of this place that you have seen.
                   A       B       C       D       E      F
               +-------+-------+-------+-------+-------+----------------------
         Total | 100.0 | 100.0 |   N/A |   N/A | 100.0 |  91.0
       Dungeon | 100.0 | 100.0 |   N/A |   N/A | 100.0 |  91.0
               +-------+-------+-------+-------+-------+----------------------

Table legend: (Time is in decaauts)
 A = Elapsed time spent in this place.
 B = Non-inter-level travel time spent in this place.
 C = Inter-level travel time spent in this place.
 D = Time resting spent in this place.
 E = Time spent auto-exploring this place.
 F = Levels seen in this place.
 G = Mean time per level.
                   A        B        C        D        E       F      G
               +--------+--------+--------+--------+--------+-----+--------+
         Total |   5870 |   5746 |    124 |    455 |   4683 |   5 | 1174.0 |
       Dungeon |   5870 |   5746 |    124 |    455 |   4683 |   5 | 1174.0 |
               +--------+--------+--------+--------+--------+-----+--------+

Top non-repeatable levels by time:
     D:2: 1611 daAuts
     D:3: 1566 daAuts
     D:1: 1475 daAuts
     D:4: 1074 daAuts
     D:5: 141 daAuts
